 Dungeon Sprint DCSS version 0.29-a0-775-g4d7333d4e2 (webtiles) character file.

Game seed: 2368141445335700249

21872 mhtbhm the Ninja (level 12, -9/63 HPs)
             Began as a Spriggan Enchanter on July 2, 2022.
             Was the Champion of Dithmenos.
             Killed from afar by a frost giant (22 damage)
             ... with a bolt of cold
             ... in the Dungeon (Sprint IX: "|||||||||||||||||||||||||||||").
             The game lasted 00:11:22 (4298 turns).

mhtbhm the Ninja (Spriggan Enchanter)               Turns: 4298, Time: 00:11:23

Health: -9/63      AC:  4    Str:  4    XL:     12   Next: 58%
Magic:  42/42      EV: 31    Int: 17    God:    Dithmenos [******]
Gold:   32         SH:  0    Dex: 23    Spells: 5/43 levels left

rFire   . . .      SeeInvis +   a - +7 short sword of the Chewing Gods {venom, rC+ rN+ MP+9}
rCold   + . .      Faith    .   (no shield)
rNeg    + . .      Spirit   .   b - +2 robe {Will+}
rPois   .          Reflect  .   (helmet restricted)
rElec   .          Harm     .   (no cloak)
rCorr   .          Rampage  .   (gloves unavailable)
Will    +++..      NoTele   +   (boots unavailable) Stlth *********+
                                (no amulet)
HPRegen 0.20/turn               k - +2 ring of evasion
MPRegen 0.28/turn               l - +3 ring of dexterity

@: wreathed by umbra, very quick
A: very small, no large weapons, unfitting armour, see invisible, speed 3
a: Renounce Religion, Shadow Step, Shadow Form


You were in the Dungeon.
You worshipped Dithmenos.
Dithmenos was exalted by your worship.
You visited 1 branch You collected 1969 gold pieces.
You spent 1937 gold pieces at shops.

Inventory:

Hand Weapons
 a - the +7 short sword of the Chewing Gods (weapon) {venom, rC+ rN+ MP+9}
   (You found it in the Dungeon)

   It poisons the flesh of those it strikes.
   rC:        It protects you from cold.
   rN:        It protects you from negative energy.
   MP:        It affects your magic capacity (+9).
Armour
 b - a +2 robe of willpower (worn)
Jewellery
 k - a +2 ring of evasion (left hand)
 l - a +3 ring of dexterity (right hand)
 t - a ring of protection from fire
 u - an amulet of faith
 v - a ring of fire
 w - a ring of fire
Wands
 j - a wand of light (8)
Scrolls
 h - 2 scrolls of amnesia
 i - 4 scrolls of blinking
 o - 2 scrolls of identify
 p - 4 scrolls of enchant armour
 q - 3 scrolls of fear
 r - 2 scrolls of enchant weapon
 y - a scroll of fog
Potions
 c - a potion of invisibility
 d - 6 potions of curing
 e - 4 potions of heal wounds
 f - 2 potions of haste
 g - 4 potions of magic
 m - a potion of brilliance
 n - 2 potions of might
 s - 2 potions of attraction
 x - 2 potions of mutation


   Skills:
 + Level 7.3 Fighting
 + Level 13.1 Short Blades
 + Level 12.1 Dodging
 O Level 27 Stealth
 + Level 16.4 Spellcasting
 + Level 3.7 Conjurations
 + Level 17.0 Hexes
 + Level 7.7 Ice Magic
 + Level 1.0 Invocations


You had 5 spell levels left.
You knew the following spells:

 Your Spells              Type           Power      Damage    Failure   Level
a - Ensorcelled Hibernat  Hex/Ice        100%       N/A       1%          2
b - Confusing Touch       Hex            64%        N/A       0%          3
c - Tukima's Dance        Hex            64%        N/A       0%          3
d - Dazzling Flash        Conj/Hex       98%        N/A       1%          3
e - Inner Flame           Hex/Fire       42%        N/A       1%          3
f - Cause Fear            Hex            32%        N/A       1%          4
g - Discord               Hex            32%        N/A       26%         8
h - Wereblood             Tmut           13%        N/A       7%          2
i - Mephitic Cloud        Conj/Pois/Air  18%        N/A       8%          3
j - Conjure Flame         Conj/Fire      20%        6-21      6%          3
k - Anguish               Hex/Necr       21%        N/A       1%          4

Your spell library contained the following spells:

 Spells                   Type           Power      Damage    Failure   Level
 Foxfire                  Conj/Fire      80%        2x1d8     1%          1
 Portal Projectile        Hex/Tloc       84%        N/A       1%          3
 Apportation              Tloc           26%        N/A       4%          1
 Beastly Appendage        Tmut           26%        N/A       4%          1
 Sandblast                Erth           26%        2d8       4%          1
 Stone Arrow              Conj/Erth      40%        3d9       6%          3
 Passwall                 Tmut/Erth      10%        N/A       7%          2
 Sublimation of Blood     Necr           13%        N/A       7%          2
 Spider Form              Tmut/Pois      13%        N/A       13%         3
 Flame Wave               Conj/Fire      20%        2d7       21%         4
 Corpse Rot               Necr/Pois/Air  13%        N/A       41%         4
 Summon Hydra             Summ           6%         N/A       100%        7


Dungeon Overview and Level Annotations

Branches:
Dungeon (1/1)

Altars:
Cheibriados
Dithmenos
Elyvilon
Fedhas
Gozag
Hepliaklqana
Kikubaaqudgha
Makhleb
Nemelex Xobeh
Okawaru
Qazlal
Ru
Sif Muna
Trog
Uskayaw
Vehumet
Wu Jian
Xom
Yredelemnul
Zin
The Shining One
Beogh
Jiyva
Lugonu

Shops:
D :[?(


Innate Abilities, Weirdness & Mutations

You are very small and have problems with some larger weapons.
You are too small for most types of armour.
You have supernaturally acute eyesight. (SInv)
You cover ground extremely quickly. (Speed+++)


Message History

Magic restored.
You start resting.
A frost giant is nearby!
A frost giant is nearby!
Casting: Conjure Flame (dangerous; 6% risk of failure)
Confirm with . or Enter, or press ? or * to list all spells.
Okay, then.
Casting: Conjure Flame (dangerous; 6% risk of failure)
Confirm with . or Enter, or press ? or * to list all spells.
Okay, then.
Aiming: Bolt of Light
Press: ? - help, Shift-Dir - straight line, f - frost giant
Aim: a frost giant, wielding a +2 battleaxe of freezing (umbra, 98% to hit)
The bolt of light hits the frost giant!
The frost giant is lightly wounded.
The frost giant is blinded.
Unknown command.
The frost giant is no longer blind.
Casting: Conjure Flame (dangerous; 6% risk of failure)
Confirm with . or Enter, or press ? or * to list all spells.
Okay, then.
Aiming: Bolt of Light
Press: ? - help, Shift-Dir - straight line, f/p - frost giant
Aim: a frost giant, wielding a +2 battleaxe of freezing (lightly wounded, umbra, 98% to hit)
The bolt of light hits the frost giant!
The frost giant is moderately wounded.
The frost giant is blinded.
The frost giant hits you with a +2 battleaxe of freezing!!
Ouch! That really hurt!
You emit a cloud of dark smoke.
The frost giant freezes you.
* * * LOW HITPOINT WARNING * * *
You emit a cloud of dark smoke.
Unknown command.
You catch the helpless frost giant completely off-guard!
You spit the frost giant like a pig!!!
The frost giant looks as sick as possible!
The frost giant is almost dead.
The frost giant casts a spell at you. The bolt of cold hits you!! You resist.
You die...

▓▓▓▓▓▓▓▓▓▓▓▓▓▓▓
▓<▓...▓...▓§§.▓
▓.▓.▓.▓.▓)▓C▓.▓
▓.▓.▓.▓.▓)▓@▓.▓
▓.▓.▓.▓.▓.▓§▓.▓
▓)▓.▓.▓.▓)▓§▓.▓
▓)▓.▓.▓.▓)▓.▓.▓
▓.▓.▓.▓.▓.▓.▓.▓
▓.▓.▓'▓.▓.▓.▓.▓
▓.▓.▓.▓.▓.▓.▓.▓
▓.▓.▓†▓.▓.▓.▓C▓
▓'▓.▓.▓.▓.▓.▓.▓


You could see a frost giant (blind, extremely poisoned).

Vanquished Creatures
  A fire dragon (D)
  A hydra (D)
  A boulder beetle (D)
  A spriggan air mage (D)
  2 centaur warriors (D)
  A death knight (D)
  5 orc high priests (D)
  A tengu warrior (D)
  12 orc knights (D)
  An orc sorcerer (D)
  A deep elf pyromancer (D)
  2 manticores (D)
  2 ugly things (D)
  2 elephants (D)
  2 black mambas (D)
  3 cane toads (D)
  A komodo dragon (D)
  A rime drake (D)
  A kobold demonologist (D)
  5 polar bears (D)
  A meliai (shapeshifter) (D)
  A slime creature (D)
  A wyvern (D)
  2 yaks (D)
  A basilisk (D)
  2 water moccasins (D)
  7 orc warriors (D)
  5 black bears (D)
  An ogre (D)
  A centaur (D)
  2 kobold brigands (D)
  2 bullfrogs (D)
  3 orc priests (D)
  6 orc wizards (D)
  An adder (D)
  An ufetubus (D)
  8 orcs (D)
  2 bats (D)
  An endoplasm (D)
  A goblin (D)
  A kobold (D)
96 creatures vanquished.

Notes
Turn   | Place    | Note
-------+----------+-------------------------------------------
     0 | D        | mhtbhm the Spriggan Enchanter began the quest for the Orb.
     0 | D        | Reached XP level 1. HP: 9/9 MP: 5/5
    21 | D        | Reached skill level 5 in Stealth
   225 | D        | Noticed an ogre
   229 | D        | Reached XP level 2. HP: 13/13 MP: 7/7
   234 | D        | Killed an ogre
   235 | D        | Reached skill level 1 in Fighting
   235 | D        | Reached skill level 5 in Dodging
   235 | D        | Reached skill level 8 in Stealth
   235 | D        | Reached XP level 3. HP: 18/18 MP: 7/9
   235 | D        | Reached XP level 4. HP: 22/22 MP: 8/11
   267 | D        | Found a snail-covered altar of Cheibriados.
   267 | D        | Found a shadowy altar of Dithmenos.
   267 | D        | Found a white marble altar of Elyvilon.
   267 | D        | Found a blossoming altar of Fedhas.
   267 | D        | Found an opulent altar of Gozag.
   268 | D        | Found a hazy altar of Hepliaklqana.
   269 | D        | Found a viscous altar of Jiyva.
   270 | D        | Found an ancient bone altar of Kikubaaqudgha.
   271 | D        | Found a corrupted altar of Lugonu.
   272 | D        | Became a worshipper of Dithmenos the Shadowed
   273 | D        | Found a burning altar of Makhleb.
   274 | D        | Found a sparkling altar of Nemelex Xobeh.
   275 | D        | Found an iron altar of Okawaru.
   276 | D        | Found a stormy altar of Qazlal.
   277 | D        | Found a sacrificial altar of Ru.
   278 | D        | Found a shimmering blue altar of Sif Muna.
   279 | D        | Found a bloodstained altar of Trog.
   280 | D        | Found a hide-covered altar of Uskayaw.
   281 | D        | Found a radiant altar of Vehumet.
   282 | D        | Found an ornate altar of the Wu Jian Council.
   283 | D        | Found a shimmering altar of Xom.
   284 | D        | Found a basalt altar of Yredelemnul.
   285 | D        | Found a glowing silver altar of Zin.
   286 | D        | Found a glowing golden altar of the Shining One.
   317 | D        | Noticed a kobold brigand
   317 | D        | Noticed a wyvern
   317 | D        | Noticed a kobold brigand
   317 | D        | Noticed a komodo dragon
   317 | D        | Noticed a kobold demonologist
   321 | D        | Killed a kobold brigand
   322 | D        | Reached skill level 9 in Stealth
   322 | D        | Reached skill level 5 in Spellcasting
   322 | D        | Reached XP level 5. HP: 18/25 MP: 11/13
   329 | D        | Learned a level 2 spell: Ensorcelled Hibernation
   333 | D        | Learned a level 3 spell: Confusing Touch
   337 | D        | Learned a level 3 spell: Tukima's Dance
   341 | D        | Learned a level 3 spell: Dazzling Flash
   347 | D        | Killed a wyvern
   348 | D        | Reached skill level 5 in Short Blades
   348 | D        | Reached skill level 11 in Stealth
   348 | D        | Reached XP level 6. HP: 24/30 MP: 14/16
   351 | D        | Reached * piety under Dithmenos
   364 | D        | Noticed a soul eater
   364 | D        | Killed a komodo dragon
   365 | D        | Reached skill level 13 in Stealth
   365 | D        | Reached XP level 7. HP: 30/35 MP: 2/18
   368 | D        | Noticed a sun demon
   468 | D        | Killed a kobold demonologist
   468 | D        | Reached ** piety under Dithmenos
   469 | D        | Reached skill level 14 in Stealth
   469 | D        | Reached skill level 10 in Hexes
   578 | D        | Noticed a slime creature
   578 | D        | Noticed a tengu warrior
   578 | D        | Noticed a centaur warrior
   578 | D        | Noticed a cyan ugly thing
   589 | D        | Killed a slime creature
   590 | D        | Reached skill level 1 in Conjurations
   590 | D        | Reached skill level 1 in Ice Magic
   590 | D        | Reached XP level 8. HP: 28/40 MP: 10/20
   591 | D        | Killed a tengu warrior
   592 | D        | Reached skill level 10 in Short Blades
   592 | D        | Reached skill level 15 in Stealth
   597 | D        | Killed a centaur warrior
   597 | D        | Reached *** piety under Dithmenos
   598 | D        | Reached skill level 16 in Stealth
   598 | D        | Reached XP level 9. HP: 30/45 MP: 8/22
   600 | D        | Reached skill level 17 in Stealth
   607 | D        | Killed a cyan ugly thing
   886 | D        | Got the +7 short sword of the Chewing Gods {venom, rC+ rN+
                  | MP+9}
   931 | D        | Noticed a cane toad
   931 | D        | Noticed a cane toad
   931 | D        | Noticed a cane toad
   933 | D        | Killed a cane toad
   934 | D        | Reached skill level 10 in Dodging
   934 | D        | Reached skill level 18 in Stealth
   934 | D        | Noticed a black mamba
   943 | D        | Reached **** piety under Dithmenos
   946 | D        | Noticed a black mamba
   948 | D        | Killed a cane toad
   949 | D        | Reached skill level 19 in Stealth
   950 | D        | Killed a cane toad
   956 | D        | Reached ***** piety under Dithmenos
   958 | D        | Killed a black mamba
   959 | D        | Reached skill level 10 in Spellcasting
   959 | D        | Reached XP level 10. HP: 37/51 MP: 18/25
   961 | D        | Killed a black mamba
   962 | D        | Reached skill level 20 in Stealth
  1166 | D        | Noticed an elephant
  1166 | D        | Noticed a seven-headed hydra
  1166 | D        | Noticed an elephant
  1170 | D        | Killed an elephant
  1171 | D        | Reached skill level 5 in Fighting
  1176 | D        | Reached skill level 21 in Stealth
  1187 | D        | Killed a seven-headed hydra
  1404 | D        | Killed an elephant
  1426 | D        | Reached ****** piety under Dithmenos
  1427 | D        | Reached skill level 22 in Stealth
  1551 | D        | Reached XP level 11. HP: 27/56 MP: 24/28
  1835 | D        | Noticed an orc knight
  1843 | D        | Killed an orc knight
  1844 | D        | Reached skill level 23 in Stealth
  1998 | D        | Noticed an orc knight
  1998 | D        | Noticed an orc knight
  1998 | D        | Noticed an orc sorcerer
  1999 | D        | Noticed an orc knight
  2000 | D        | Killed an orc knight
  2006 | D        | Killed an orc knight
  2008 | D        | Killed an orc sorcerer
  2019 | D        | Killed an orc knight
  2020 | D        | Reached skill level 24 in Stealth
  2023 | D        | Reached skill level 5 in Ice Magic
  2105 | D        | Found Kyang's Book Emporium.
  2105 | D        | Noticed an orc high priest
  2105 | D        | Noticed an orc high priest
  2105 | D        | Noticed an orc knight
  2105 | D        | Noticed an orc knight
  2105 | D        | Noticed an orc knight
  2106 | D        | Noticed an orc high priest
  2108 | D        | Noticed a sixfirhy
  2112 | D        | Killed an orc high priest
  2115 | D        | Noticed an orc high priest
  2118 | D        | Killed an orc high priest
  2120 | D        | Found Yckul's Armour Shoppe.
  2120 | D        | Noticed an orc knight
  2345 | D        | Killed an orc knight
  2346 | D        | Reached skill level 25 in Stealth
  2367 | D        | Killed an orc knight
  2370 | D        | Killed an orc knight
  2400 | D        | Killed an orc high priest
  2449 | D        | Killed an orc high priest
  2450 | D        | Reached skill level 26 in Stealth
  2450 | D        | Reached skill level 15 in Hexes
  2575 | D        | Killed an orc knight
  2601 | D        | Found Ucyuzek's Magic Scroll Emporium.
  2605 | D        | Found Enlohel's Antique Weapon Shoppe.
  2607 | D        | Noticed an orc knight
  2608 | D        | Noticed an orc knight
  2609 | D        | Noticed an orc high priest
  2610 | D        | Noticed an orc knight
  2610 | D        | Noticed an orc knight
  2611 | D        | Killed an orc knight
  2776 | D        | Killed an orc knight
  2777 | D        | Reached XP level 12. HP: 33/62 MP: 31/31
  2950 | D        | Killed an orc high priest
  3109 | D        | Bought a book of Hexes for 360 gold pieces
  3113 | D        | Learned a level 3 spell: Inner Flame
  3118 | D        | Learned a level 4 spell: Cause Fear
  3127 | D        | Learned a level 8 spell: Discord
  3127 | D        | Bought Jashexyx's Papyrus of Dislocation and Contamination
                  | for 300 gold pieces
  3131 | D        | Bought a scroll of blinking for 97 gold pieces
  3660 | D        | Bought a book of Changes for 180 gold pieces
  3660 | D        | Bought a book of Blood for 280 gold pieces
  3660 | D        | Bought a book of Flames for 300 gold pieces
  3663 | D        | Learned a level 2 spell: Wereblood
  3667 | D        | Learned a level 3 spell: Mephitic Cloud
  3671 | D        | Learned a level 3 spell: Conjure Flame
  3917 | D        | Bought a book of Geomancy for 180 gold pieces
  3917 | D        | Bought a book of Dreams for 240 gold pieces
  3922 | D        | Learned a level 4 spell: Anguish
  4073 | D        | Noticed a centaur warrior
  4073 | D        | Noticed a boulder beetle
  4074 | D        | Noticed a death knight
  4077 | D        | Killed a centaur warrior
  4078 | D        | Reached skill level 27 in Stealth
  4078 | D        | Reached skill level 15 in Spellcasting
  4079 | D        | Noticed a spriggan air mage
  4084 | D        | Noticed a fire dragon
  4087 | D        | Reached skill level 1 in Invocations
  4089 | D        | Killed a boulder beetle
  4098 | D        | Killed a death knight
  4175 | D        | Killed a spriggan air mage
  4216 | D        | Noticed a frost giant
  4217 | D        | Noticed an ice dragon
  4218 | D        | Killed a fire dragon
  4298 | D        | Killed from afar by a frost giant

Illustrated notes

Levels and vault maps discovered:
D:        linesprint [early_d, line_temple, items_1, d_10, items_2, lair_1,
          lair_end, items_3, orc_1, orc_end, items_4, d_15, swamp_1, shoals_1,
          snake_1, spider_1, d_20, vaults_1, items_5, swamp_end, shoals_end,
          snake_end, spider_end, vaults_end, d_27, items_6, zot_1, zot_end,
          crypt_end, forest_end, elf_end, slime_end, tomb_end, abyss_end,
          pan_hell_end]

Skill      XL: |  1  2  3  4  5  6  7  8  9 10 11 12 |
---------------+-------------------------------------+-----
Hexes          | 4 6 7 8 9 10 11 13 15 17 | 17.0
Stealth        | 5 8 9 11 13 14 16 19 22 26 27 | 27.0
Dodging        | 3 5 6 7 8 9 10 11 12 | 12.1
Spellcasting   | 3 4 5 6 7 8 10 12 14 16 | 16.4
Fighting       | 1 2 3 4 5 6 7 |  7.3
Short Blades   | 3 4 5 7 9 10 12 13 | 13.1
Conjurations   | 1 2 3 |  3.7
Ice Magic      | 1 2 4 6 7 |  7.7
Invocations    | 1 |  1.0

Action                   |  1- 3 |  4- 6 |  7- 9 | 10-12 || total
-------------------------+-------+-------+-------+-------++-------
Melee: Dagger            |    39 |     6 |       |       ||    45
       Punch             |     1 |       |       |     3 ||     4
       Rapier            |       |    16 |    25 |       ||    41
       Short sword       |       |       |    16 |   166 ||   182
 Cast: Ensorcelled Hiber |       |     4 |     8 |    59 ||    71
       Dazzling Flash    |       |     2 |     6 |    14 ||    22
       Confusing Touch   |       |       |       |     9 ||     9
       Conjure Flame     |       |       |       |     2 ||     2
       Mephitic Cloud    |       |       |       |     1 ||     1
Invok: Shadow Step       |       |       |       |     1 ||     1
Evoke: Wand              |       |       |       |     2 ||     2
  Use: Potion            |     1 |     1 |     4 |       ||     6
 Stab: Sleeping          |     1 |       |     6 |    35 ||    42
       Invisible         |       |     5 |    11 |    16 ||    32
       Distracted        |       |       |     1 |       ||     1
       Confused          |       |       |       |    10 ||    10
Armor: Robe              |    10 |       |     2 |       ||    12
Dodge: Dodged            |    29 |    17 |    26 |   113 ||   185

Table legend: (Time is in decaauts)
 A = Elapsed time spent in this place.
 B = Non-inter-level travel time spent in this place.
 C = Inter-level travel time spent in this place.
 D = Time resting spent in this place.
 E = Time spent auto-exploring this place.
 F = Levels seen in this place.
 G = Mean time per level.
                   A        B        C        D        E       F      G
               +--------+--------+--------+--------+--------+-----+--------+
         Total |   3444 |   3115 |    329 |   1321 |    927 |   1 | 3444.0 |
       Dungeon |   3444 |   3115 |    329 |   1321 |    927 |   1 | 3444.0 |
               +--------+--------+--------+--------+--------+-----+--------+

Top non-repeatable levels by time:
       D: 3444 daAuts
